Match 24456477
Unlisted

Match 24456477
End
Construct Section Command Post
Infantry Section
Infantry Section
Infantry Section
Dingo Light Scout Car
Selects Indian Artillery Battlegroup
Construct Platoon Command Post
Selects Towed ML 4.2-inch Heavy Mortar
Unlock M3 Stuart Light Tanks
M3 Stuart Light Tank
M3 Stuart Light Tank
Construct Company Command Post
Selects War Cry
Selects Gurkha Rifles Section
Matilda II Heavy Tank
Foot Guards Section
Selects Volunteer Infantry
War Cry
Matilda II Heavy Tank
Grenade Package
SneaKerz
gb_gbg
Velky Kormidelnik
emrecanakar1
0
0

Comments sign in to comment!

No comments posted yet!